 Dungeon Crawl Stone Soup version 0.29-a0-298-g3c90f9a769 (webtiles) character file.

Game seed: 17738940289720619706

251 HotDog the Covered (level 5, 2/47 HPs)
             Began as a Minotaur Fighter on Mar 18, 2022.
             Quit the game on level 6 of the Dungeon on Mar 23, 2022.
             The game lasted 00:04:40 (2418 turns).

HotDog the Covered (Minotaur Fighter)               Turns: 2418, Time: 00:04:41

Health: 2/47       AC:  5    Str: 22    XL:     5   Next: 88%
Magic:  5/5        EV: 10    Int:  5    God:
Gold:   84         SH:  4    Dex: 10    Spells: 4/4 levels left

rFire   . . .      SeeInvis .   a - +1 long sword
rCold   . . .      Faith    .   c - +0 buckler
rNeg    . . .      Spirit   .   b - +0 scale mail
rPois   .          Reflect  .   (helmet unavailable)
rElec   .          Harm     .   (no cloak)
rCorr   .          Rampage  .   (no gloves)
Will    .....      Clarity  +   g - +0 pair of boots
Stlth   ..........              (no amulet)
HPRegen 0.15/turn               (no ring)
MPRegen 0.09/turn               (no ring)

@: no status effects
A: horns 3, retaliatory headbutt, clarity, deformed body, high MP 1
a: no special abilities


You were on level 6 of the Dungeon.
You visited 1 branch of the dungeon, and saw 4 of its levels.

You collected 84 gold pieces.

Inventory:

Hand Weapons
 a - a +1 long sword (weapon)
Armour
 b - a +0 scale mail (worn)
 c - a +0 buckler (worn)
 g - a +0 pair of boots (worn)
Scrolls
 f - a scroll of fear
 i - 3 scrolls of noise
 l - a scroll of holy word
Potions
 d - a potion of might
 e - 2 potions of attraction


   Skills:
 * Level 4.5 Fighting
 * Level 4.7 Long Blades
 * Level 4.7 Armour
 * Level 1.6 Dodging
 * Level 4.5 Shields
 * Level 1.4 Invocations


You had 4 spell levels left.
You didn't know any spells.
Your spell library contained the following spells:

 Spells                   Type           Power      Damage    Failure   Level
 Apportation              Tloc           0%         N/A       86%         1
 Beastly Appendage        Tmut           0%         N/A       86%         1
 Slow                     Hex            0%         N/A       86%         1
 Sting                    Tmut/Pois      0%         1d3       86%         1
 Poisonous Vapours        Pois/Air       0%         N/A       95%         2
 Scorch                   Fire           0%         2d5       95%         2
 Wereblood                Tmut           0%         N/A       95%         2
 Confusing Touch          Hex            0%         N/A       99%         3
 Ignite Poison            Fire/Tmut/Pois 0%         N/A       99%         3
 Spider Form              Tmut/Pois      0%         N/A       99%         3
 Vampiric Draining        Necr           0%         2d6       99%         3
 Olgreb's Toxic Radiance  Pois           0%         N/A       100%        4
 Sticky Flame             Conj/Fire      0%         2d3       100%        4
 Alistair's Intoxication  Tmut/Pois      0%         N/A       100%        5


Dungeon Overview and Level Annotations

Branches:
Dungeon (3/15)

Altars:
Fedhas
Sif Muna

Shops:
D:1 [


Innate Abilities, Weirdness & Mutations

You have a pair of large horns on your head.
You reflexively headbutt those who attack you in melee.
You possess an exceptional clarity of mind.
Armour fits poorly on your strangely shaped body.
You have an increased reservoir of magic. (+10% MP)


Message History

The adder bites you but does no damage. The adder attacks as you move away!
You block the adder's attack. The adder barely misses you.
The adder attacks as you move away! The adder barely misses you.
The adder closely misses you. The adder bites you but does no damage.
The adder attacks as you move away! The adder bites you but does no damage.
The adder attacks as you move away! The adder bites you but does no damage.
The adder closely misses you. The adder attacks as you move away!
The adder bites you.
Found a hand axe.
The adder closely misses you. You furiously retaliate!
You headbutt the adder!
You kill the adder!
You see here a +0 hand axe.
Found 15 gold pieces.
The orc warrior attacks as you move away!
The orc warrior closely misses you.
The orc warrior attacks as you move away!
The orc warrior hits you with a +0 flail of protection.
The orc warrior hits you with a +0 flail of protection!
You see here 15 gold pieces.
The orc warrior attacks as you move away!
The orc warrior hits you with a +0 flail of protection!
The orc wizard gestures wildly while chanting.
The orc wizard flickers and vanishes!
Okay, then.
The orc warrior attacks as you move away!
You block the orc warrior's attack.
The orc warrior attacks as you move away!
The orc warrior hits you with a +0 flail of protection!
The orc warrior attacks as you move away!
You block the orc warrior's attack.
Found 12 gold pieces.
The orc warrior attacks as you move away!
The orc warrior hits you with a +0 flail of protection!
* * * LOW HITPOINT WARNING * * *
Found a blossoming altar of Fedhas.
Unknown command.
Unknown command.
Unknown command.
Are you sure you want to abandon this character and quit the game? (Confirm with "yes".)

..# #..# #..## ###..P.
###PP... PP.....P
._.....### ##..@.#
###..oo##
######.##o.##
#........$.#
#.####.##.#####
######.{.....o.....#
............##........
##################.###
#


You could see an orc warrior and 3 orcs.

Vanquished Creatures
  2 scorpions (D:6)
  A jelly (D:6)
  3 adders
  A shadow imp (D:6)
  A white imp (D:6)
  A worm (D:2)
  3 dart slugs
  2 orcs (D:6)
  5 endoplasms
  A giant cockroach (D:1)
  4 goblins
  6 hobgoblins
  2 jackals (D:2)
  A quokka (D:1)
  5 ball pythons
  8 bats
  4 frilled lizards
  4 kobolds
  A rat (D:1)
55 creatures vanquished.

Notes
Turn   | Place    | Note
-------+----------+-------------------------------------------
     0 | D:1      | HotDog the Minotaur Fighter began the quest for the Orb.
     0 | D:1      | Reached XP level 1. HP: 19/19 MP: 0/0
     9 | D:1      | Got Sif Muna's Collected Works on Moulding and Ignition
   239 | D:1      | Reached XP level 2. HP: 27/27 MP: 1/1
   408 | D:1      | Found Arat's Antique Armour Boutique.
   484 | D:1      | Upgraded the game from 0.29-a0-294-g83ea962da3 to
                  | 0.29-a0-298-g3c90f9a769
   707 | D:1      | Reached XP level 3. HP: 33/33 MP: 2/2
  1158 | D:2      | Gained mutation: You have a pair of large horns on your
                  | head. [potion of mutation]
  1158 | D:2      | Gained mutation: You have an increased reservoir of magic.
                  | (+10% MP) [potion of mutation]
  1158 | D:2      | Gained mutation: Armour fits poorly on your strangely
                  | shaped body. [potion of mutation]
  1158 | D:2      | Gained mutation: You possess an exceptional clarity of
                  | mind. [potion of mutation]
  1275 | D:2      | Found a shimmering blue altar of Sif Muna.
  1530 | D:2      | Reached skill level 1 in Dodging
  1649 | D:3      | You fall into a shaft and drop 3 floors!
  1687 | D:6      | Reached XP level 4. HP: 35/40 MP: 4/4
  1851 | D:6      | Noticed a scorpion
  1859 | D:6      | Killed a scorpion
  1860 | D:6      | Reached skill level 1 in Invocations
  1860 | D:6      | Reached XP level 5. HP: 36/46 MP: 5/5
  2264 | D:6      | Noticed an orc warrior
  2330 | D:6      | Noticed an ogre
  2414 | D:6      | HP: 1/47 [orc warrior/+0 flail of protection (14)]
  2417 | D:6      | Found a blossoming altar of Fedhas.
  2418 | D:6      | Quit the game

Illustrated notes

Levels and vault maps discovered:
D:1:      minmay_arrival_semitransparent, layout_basic, serial_shops,
          nicolae_square_shop
D:2:      layout_rooms, basic_altar
D:3:      layout_basic, zin_purify, serial_shops, shop, uniq_crazy_yiuf_cottage
D:6:      layout_loops_ring, grunt_temple_overflow_growth_and_decay

Skill      XL: |  1  2  3  4 |
---------------+-------------+-----
Shields        | 4 |  4.5
Long Blades    | 3 4 |  4.7
Fighting       | 4 |  4.5
Armour         | 4 |  4.7
Dodging        | 1 |  1.6
Invocations    | 1 |  1.4

Action                   |  1- 3 |  4- 6 || total
-------------------------+-------+-------++-------
Melee: Long sword        |    98 |    27 ||   125
       Headbutt          |    15 |     3 ||    18
  Use: Scroll            |     5 |     3 ||     8
       Potion            |     1 |     1 ||     2
Armor: Scale mail        |    53 |    12 ||    65
Dodge: Dodged            |    53 |    19 ||    72
Block: Buckler           |    15 |    13 ||    28

Table legend: (Time is in decaauts)
 A = Elapsed time spent in this place.
 B = Non-inter-level travel time spent in this place.
 C = Inter-level travel time spent in this place.
 D = Time resting spent in this place.
 E = Time spent auto-exploring this place.
 F = Levels seen in this place.
 G = Mean time per level.
                   A        B        C        D        E       F      G
               +--------+--------+--------+--------+--------+-----+--------+
         Total |   2452 |   2333 |    119 |    432 |   1331 |   4 |  613.0 |
       Dungeon |   2452 |   2333 |    119 |    432 |   1331 |   4 |  613.0 |
               +--------+--------+--------+--------+--------+-----+--------+

Top non-repeatable levels by time:
     D:1: 929 daAuts
     D:6: 775 daAuts
     D:2: 743 daAuts
     D:3: 3 daAuts
